AoeStats
← el mero mero

Arabian Desert

510354194Analyzed
1v1 RM · 1d ago on Sep 30, 2026· 43m 42s· 2 players
Game mode
Random Map
Map size
Tiny (2 player)
Population
200
Speed
Normal
Resources
Standard
Victory
Conquest
Starting age
Dark Age
Ending age
Imperial Age
RankedLock teamsTeams togetherTeam positionsShared explorationLock speedFull tech treeHidden civsTurbo modeCheats
Victory
Defeat
🇩🇪 Burmese · Germany
1550
+14
🇸🇪 Bohemians · Sweden
1499
-14
el mero mero
6:23 Loom
8:46 Feudal Age
9:52 Man-at-Arms
14:53 Arson
14:58 Fletching
15:26 Scale Mail Armor
22:06 Castle Age
21:14 Bloodlines
21:02 Horse Collar
21:56 Scale Barding Armor
22:14 Light Cavalry
24:26 Fervor
24:55 Wheelbarrow
24:50 Forging
27:23 Town Watch
28:30 Stone Mining
35:03 Imperial Age
33:51 Hand Cart
34:20 Sanctity
34:03 Padded Archer Armor
36:06 Bodkin Arrow
36:32 Ballistics
37:13 Chemistry
36:37 Ballistics
36:46 Conscription
37:40 Bracer
38:49 Gold Mining
39:47 Block Printing
39:43 Redemption
41:23 Capped Ram
42:34 Manipur Cavalry
Ak-guy
6:51 Loom
9:22 Feudal Age
10:01 Double-Bit Axe
11:44 Horse Collar
15:29 Fletching
20:21 Wheelbarrow
23:34 Castle Age
22:15 Scale Mail Armor
22:57 Forging
23:57 Crossbowman
24:18 Pikeman
25:58 Bow Saw
25:54 Bodkin Arrow
27:49 Heavy Plow
27:58 Padded Archer Armor
28:14 Chain Mail Armor
29:25 Ballistics
30:43 Iron Casting
31:35 Hand Cart
33:10 Chemistry
37:09 Imperial Age
37:30 Leather Archer Armor
38:33 Bracer
39:35 Blast Furnace
42:43 Two-Man Saw
42:51 Ring Archer Armor
42:30 Elite Skirmisher
42:56 Elite Skirmisher
Connection lost

Rejoining the realm…

Still unreachable

The connection could not be restored.

Session expired

The server has moved on; the page needs a fresh start.